 Seeded DCSS version 0.29-a0-1047-g7c58e119a4 (webtiles) character file.

Game seed: 20220816 (custom seed)

130 flotson the Sneak (level 4, 33/36 HPs)
             Began as a Demonspawn Delver on Aug 16, 2022.
             Was a Follower of Kikubaaqudgha.
             Quit the game on level 3 of the Dungeon.
             The game lasted 00:03:57 (2656 turns).

flotson the Sneak (Demonspawn Delver)               Turns: 2656, Time: 00:03:57

Health: 33/36      AC: 10    Str: 14    XL:     4   Next: 89%
Magic:  4/4        EV:  6    Int: 11    God:    Kikubaaqudgha [*.....]
Gold:   134        SH:  0    Dex: 15    Spells: 3/3 levels left

rFire   . . .      SeeInvis .   a - +0 hand axe
rCold   . . .      Faith    .   (no shield)
rNeg    + . .      Spirit   .   p - +0 chain mail
rPois   .          Reflect  .   (no helmet)
rElec   .          Harm     .   (no cloak)
rCorr   .          Rampage  .   (no gloves)
Will    .....                   (no boots)
Stlth   ..........              (no amulet)
HPRegen 0.12/turn               i - ring of positive energy
MPRegen 0.09/turn               (no ring)

@: very slow
A: thin metallic scales 1
a: Renounce Religion, Unearth Wretches


You were on level 3 of the Dungeon.
You worshipped Kikubaaqudgha.
Kikubaaqudgha was aware of your devotion.
You visited 1 branch of the dungeon, and saw 5 of its levels.

You collected 134 gold pieces.

Inventory:

Hand Weapons
 a - a +0 hand axe (weapon)
Missiles
 n - 4 poisoned darts (quivered)
Armour
 p - a +0 chain mail (worn)
Jewellery
 i - a ring of positive energy (left hand)
Wands
 g - a wand of digging (3)
Scrolls
 c - a scroll of fog
 e - 4 scrolls of teleportation {unknown}
 f - a scroll of identify {unknown}
 j - a scroll of enchant armour {unknown}
 m - a scroll of brand weapon {unknown}
 o - a scroll of enchant weapon {unknown}
Potions
 b - a potion of berserk rage {unknown}
 d - 2 potions of curing {unknown}
 h - 2 potions of might
 k - 2 potions of heal wounds {unknown}
 l - a potion of attraction {unknown}


   Skills:
 + Level 3.6 Fighting
 + Level 2.5 Axes
 + Level 0.4 Throwing
 + Level 1.5 Armour
 + Level 2.5 Dodging
 - Level 4.5 Stealth
 + Level 1.7 Evocations


You had 3 spell levels left.
You didn't know any spells.
Your spell library contained the following spells:

 Spells                   Type           Power      Damage    Failure   Level
 Apportation              Tloc           0%         N/A       100%        1
 Necrotise                Necr           0%         1d4       100%        1
 Summon Small Mammal      Summ           0%         N/A       100%        1
 Sublimation of Blood     Necr           0%         N/A       100%        2
 Ozocubu's Armour         Ice            0%         N/A       100%        3
 Vampiric Draining        Necr           0%         2d6       100%        3
 Animate Dead             Necr           0%         N/A       100%        4
 Ozocubu's Refrigeration  Ice            0%         4d7       100%        7


Dungeon Overview and Level Annotations

Branches:
Dungeon (5/15)
 Temple: D:4-7

Altars:
Kikubaaqudgha

Shops:
D:5 =[

Annotations:
D:2 1 runed translucent door, Crazy Yiuf, Terence
D:4 Blork the orc
D:5 Pikel


Innate Abilities, Weirdness & Mutations

You are partially covered in thin metallic scales. (AC +2)


Message History

No target in view!
No target in view!
HP restored.
Found a faded altar of an unknown god.
You enter the shallow water.
Moving in this stuff is going to be slow.
You now have 133 gold pieces (gained 1).
You now have 134 gold pieces (gained 1).
There is a faded altar of an unknown god here.
You enter the shallow water.
Moving in this stuff is going to be slow.
A rat comes into view.
You see here a gold piece.
There is a faded altar of an unknown god here.
You cannot tell which god this altar belongs to.
Convert to them anyway?
Okay, then.
You cannot tell which god this altar belongs to.
Convert to them anyway?
Kikubaaqudgha accepts your prayer! Kikubaaqudgha welcomes you!
You can now bring forth the wretched and dying.
Kikubaaqudgha grants you a gift!
You add the spells Sublimation of Blood, Vampiric Draining and Animate Dead to your library.
You enter the shallow water.
Moving in this stuff is going to be slow.
The rat bites you but does no damage.
Your unstable footing causes you to fumble your attack.
The rat barely misses you.
You hit the rat but do no damage. The rat bites you.
Your unstable footing causes you to fumble your attack.
The rat bites you.
You hit the rat.
You kill the rat!
Kikubaaqudgha accepts your kill.
No target in view!
No target in view!
No target in view!
No target in view!
No target in view!
No target in view!
Are you sure you want to abandon this character and quit the game? (Confirm with "yes".)

. ##.#### #.....#
#.# ?#####.#.#.# #.#
...........# #.#
#..~$~..# #.#
##.$_$.## #.#
#.$@~.# #.#
#.....#####.########
#.##.###............
#. #.....##.########
#. ########.# .. #.#
# #######.########
#............#..
#.#####.####.#.#


There were no monsters in sight!

Vanquished Creatures
  A hound (D:5)
  Jessica (D:2)
  2 adders
  A worm (D:2)
  4 dart slugs
  4 ball pythons
  2 bats (D:2)
  4 endoplasms
  A giant cockroach (D:3)
  2 goblins (D:1)
  4 hobgoblins
  7 jackals (D:1)
  4 quokkas
  2 frilled lizards
  2 kobolds
  4 rats
45 creatures vanquished.

Notes
Turn   | Place    | Note
-------+----------+-------------------------------------------
     0 | D:5      | flotson the Demonspawn Delver began the quest for the Orb.
     0 | D:5      | Reached XP level 1. HP: 18/18 MP: 1/1
    39 | D:5      | Found Ucoturch's Armour Shop.
    41 | D:5      | Noticed a hound
    56 | D:5      | Killed a hound
    57 | D:5      | Reached skill level 1 in Evocations
    57 | D:5      | Gained mutation: You are partially covered in thin metallic
                  | scales. (AC +2) [demonic ancestry]
    57 | D:5      | Reached XP level 2. HP: 4/24 MP: 2/2
   317 | D:5      | Found Ycur's Jewellery Shoppe.
   325 | D:5      | Noticed a lemure
   326 | D:5      | Noticed a lemure
   326 | D:5      | Noticed a lemure
   326 | D:5      | Noticed Pikel
   339 | D:4      | Reached XP level 3. HP: 25/29 MP: 3/3
   386 | D:4      | Noticed Blork the orc
   411 | D:4      | Noticed an ogre
  1052 | D:3      | Reached skill level 1 in Armour
  1876 | D:1      | Reached XP level 4. HP: 22/35 MP: 4/4
  2205 | D:2      | Noticed Jessica
  2219 | D:2      | Killed Jessica
  2382 | D:2      | Found a runed translucent door.
  2383 | D:2      | Noticed Crazy Yiuf
  2411 | D:2      | Noticed Terence
  2640 | D:3      | Found a faded altar of an unknown god.
  2650 | D:3      | Prayed at the altar of an unknown god.
  2650 | D:3      | Became a worshipper of Kikubaaqudgha
  2650 | D:3      | Reached * piety under Kikubaaqudgha
  2650 | D:3      | Received a gift from Kikubaaqudgha
  2656 | D:3      | Quit the game

Illustrated notes

Levels and vault maps discovered:
D:1:      dpeg_arrival_renting, layout_rooms
D:2:      layout_basic, chequers_decorated_corner, uniq_jessica,
          uniq_crazy_yiuf_cottage, uniq_terence, uniq_sigmund
D:3:      layout_loops_ring, hellmonk_ecumenical_altar_pennies_from_heaven,
          uniq_natasha
D:4:      layout_basic, uniq_blork_the_orc
D:5:      layout_layer_cave, serial_shops, nicolae_diamond_shop, shop,
          nicolae_diamond_shop, shop, shop_statue, uniq_edmund, uniq_pikel,
          uniq_menkaure, uniq_grinder

Skill      XL: |  1  2  3 |
---------------+----------+-----
Axes           | 2 |  2.5
Dodging        | 2 |  2.5
Evocations     | 1 |  1.7
Armour         | 1 |  1.5
Fighting       | |  3.6
Throwing       | |  0.4
Stealth        | |  4.5

Action                   |  1- 3 |  4- 6 || total
-------------------------+-------+-------++-------
Melee: Hand axe          |   134 |    67 ||   201
       Punch             |     2 |     1 ||     3
  Use: Potion            |     1 |       ||     1
       Scroll            |     2 |       ||     2
 Stab: Sleeping          |     4 |     1 ||     5
Armor: Leather armour    |    51 |    14 ||    65
       Chain mail        |       |    16 ||    16
Dodge: Dodged            |    88 |    32 ||   120

Table legend: (Time is in decaauts)
 A = Elapsed time spent in this place.
 B = Non-inter-level travel time spent in this place.
 C = Inter-level travel time spent in this place.
 D = Time resting spent in this place.
 E = Time spent auto-exploring this place.
 F = Levels seen in this place.
 G = Mean time per level.
                   A        B        C        D        E       F      G
               +--------+--------+--------+--------+--------+-----+--------+
         Total |   2674 |   2627 |     47 |    230 |   1850 |   5 |  534.8 |
       Dungeon |   2674 |   2627 |     47 |    230 |   1850 |   5 |  534.8 |
               +--------+--------+--------+--------+--------+-----+--------+

Top non-repeatable levels by time:
     D:1: 981 daAuts
     D:3: 936 daAuts
     D:2: 353 daAuts
     D:5: 311 daAuts
     D:4: 92 daAuts
